 Dungeon Crawl Stone Soup version 0.31-a0-640-g39d97e502b (webtiles) character file.

Game seed: 12806041937265449769

57480 qw the Marksgargoyle (level 14, 80/98 HPs) *WIZ*
             Began as a Gargoyle Hunter on Aug 25, 2023.
             Was a High Priest of Okawaru.
             Quit the game on level 5 of the Lair of Beasts on Aug 27, 2023.
             The game lasted 00:56:03 (16525 turns).

qw the Marksgargoyle (Gargoyle Hunter)             Turns: 16525, Time: 00:56:04

Health: 80/98      AC: 15    Str: 17    XL:     14   Next: 86%
Magic:  21/21      EV: 19    Int: 14    God:    Okawaru 134 (0)
Gold:   733        SH:  0    Dex: 21    Spells: 13/13 levels left

rFire   + . .        k - +10 orcbow "Olola" {heavy, rC+ Str+2 SInv}
rCold   + . .        (shield currently unavailable)
rNeg    + . .        b - +2 robe {Will+}
rPois   inf          (helmet restricted)
rElec   +            (no cloak)
rCorr   .            s - +0 pair of gloves of Kedas {Int+3 Dex+4}
SInv    +            (no boots)
Will    +++..        o - amulet of faith
Stlth   ++           l - ring of protection from fire
HPRegen 0.36/turn    t - ring of willpower
MPRegen 0.17/turn

%: faith
@: flying
A: sickness immunity, AC +10, big wings, negative energy resistance 1,
electricity resistance, torment resistance 1, petrification resistance, hooves
1, horns 1
a: Renounce Religion, Build terrain, Set terrain to build, Clear terrain to
floor, Heroism, Finesse, Duel


You were on level 5 of the Lair of Beasts.
You worshipped Okawaru.
Okawaru was extremely pleased with you.
You visited 3 branches of the dungeon, and saw 17 of its levels.

You collected 898 gold pieces.
You spent 165 gold pieces at shops.


Innate Abilities, Weirdness & Mutations

You are immune to sickness and miasma.
Your stone body is resilient. (AC +10)
You are immune to poison.
Your large and strong wings let you fly.
You resist negative energy. (rN+)
You are resistant to electric shocks. (rElec)
You are resistant to unholy torment.
You are immune to petrification.
You have large cloven feet.
You have a pair of small horns on your head.


   Skills:
 + Level 15.6 Fighting
 - Level 16.0 Ranged Weapons
 - Level 3.0 Armour
 - Level 10.0 Dodging
 - Level 1.1 Stealth
 - Level 10.0 Invocations


You had 13 spell levels left.
You didn't know any spells.
Your spell library was empty.

Inventory:

Hand Weapons
 k - the +10 orcbow "Olola" (weapon) {heavy, rC+ Str+2 SInv}
   (You found it on level 2 of the Lair of Beasts)

   Str+2:     It affects your strength (+2).
   rC+:       It protects you from cold.
   SInv:      It lets you see invisible.
Armour
 b - a +2 robe of willpower (worn)
 d - the +1 leather armour of Gluttony {rC+}
   (You found it on level 2 of the Lair of Beasts)

   rC+:       It protects you from cold.
 e - +0 steam dragon scales
 s - the +0 pair of gloves of Kedas (worn) {Int+3 Dex+4}
   (Okawaru gifted it to you on level 3 of the Lair of Beasts)

   Int+3:     It affects your intelligence (+3).
   Dex+4:     It affects your dexterity (+4).
Jewellery
 j - a ring of protection from cold
 l - a ring of protection from fire (left hand)
 m - a ring of see invisible
 n - the amulet of Xiavaum {Reflect rN+ SH+5}
   (You found it on level 4 of the Dungeon)

   [amulet of reflection]

   Reflect:   It reflects blocked missile attacks.
   rN+:       It protects you from negative energy.
   SH+5:      It affects your SH (+5).
 o - an amulet of faith (around neck)
 p - a ring of fire
 q - a +6 ring of strength
 t - a ring of willpower (right hand)
Scrolls
 a - 7 scrolls of identify
 g - 3 scrolls of enchant armour
 u - 6 scrolls of teleportation
Potions
 c - 2 potions of haste
 f - 6 potions of curing
 h - 2 potions of enlightenment
 i - 2 potions of mutation
 r - a potion of heal wounds

Dungeon Overview and Level Annotations

Branches:
Dungeon (11/15)            Temple (1/1) D:6            Lair (5/5) D:11
  Swamp (0/4) Lair:2       Spider (0/4) Lair:3        Slime (0/5) Lair:5
    Orc: D:9-12

Altars:
Ashenzari
Cheibriados
Dithmenos
Elyvilon
Fedhas
Gozag
Hepliaklqana
Kikubaaqudgha
Makhleb
Nemelex Xobeh
Okawaru
Qazlal
Ru
Sif Muna
Trog
Uskayaw
Vehumet
Wu Jian
Xom
Yredelemnul
Zin
The Shining One
Jiyva

Shops:
D:5 =

Annotations:
Lair:3 1 runed translucent door, qw's ghost, journeyman MiHs


Message History

Enter note:
Enter note:
Enter note:
Enter note:
Enter note:
Enter note:
Enter note:
Enter note:
Enter note:
Enter note:
Enter note:
Enter note:
Enter note:
Enter note:
Enter note:
Enter note:
Enter note:
Enter note:
Enter note:
Enter note:
Enter note:
Enter note:
Enter note:
Enter note:
Enter note:
16525 ||| PLANNING LAIR
Enter note:
Enter note:
Enter note:
Enter note:
Enter note:
Enter note:
16525 |||
Found retreat position at 4,-3 (floor) with 0 blocking monsters and 0 monsters attacking at destination at distance 8
Enter note:
Enter note:
Enter note:
Enter note:
Enter note:
Enter note: Are you sure you want to abandon this character and quit the game? (Confirm with "yes".)

777....77 77. 777..77..777
77.. 777.%77777...77 777...
77..777 77...7777 7777..7.7
777...77 777....777...777..
7......7 777.......77 77.
#####''###### 777.77.77 77
............#########+77777
7 ...8....8...#...@....# 7.
............'..h8.8..# 7..
#############[48.#...# 7.7
h......#...8.#..# 7..
.......#4.#.8...# 7..
.4¤.3..'...#.8..# 7.
.4.....#..8.8...# 77
~~¤....#........#
¤~~~#############


You could see an orange demon, an ice devil and a hell hound.

Vanquished Creatures
  Kirke (Lair:5)
  12 hydras
  16 death yaks
  4 two-headed ogres
  Erica (D:8)
  2 boulder beetles
  A sun demon (Lair:5)
  2 skysharks
  A wizard (Lair:5)
  A bog body (Lair:2)
  Pikel (D:8)
  An oklob plant (Lair:5)
  A deep elf pyromancer (D:7)
  A wolf spider (Lair:3)
  A manticore (D:11)
  An elephant (Lair:5)
  6 black mambas
  Jeremiah (D:9)
  2 orange demons (Lair:5)
  A gargoyle (D:7)
  10 cane toads
  3 rime drakes
  12 komodo dragons
  A polar bear (Lair:5)
  9 blink frogs
  Grinder (D:3)
  10 dream sheep
  A vampire (D:7)
  50 yaks
  4 hogs (Lair:5)
  A wraith (D:11)
  4 basilisks
  A human (Lair:5)
  3 steam dragons
  3 wyverns
  Menkaure (D:7)
  22 water moccasins
  2 hell hounds (Lair:5)
  4 orc warriors
  A sky beast (D:7)
  2 ice beasts
  A black bear (D:7)
  16 wolves
  6 centaurs
  A lemure (D:8)
  3 kobold brigands
  19 bullfrogs
  A scorpion (D:6)
  9 killer bees
  3 howler monkeys
  An electric eel (Lair:2)
  7 hounds
  7 jellies
  4 orc priests
  3 gnoll boudas
  A sleepcap (D:5)
  Jessica (D:3)
  Ijyb (D:4)
  3 iguanas
  6 orc wizards
  15 gnolls
  11 adders
  3 white imps
  An ufetubus (D:5)
  A worm (D:3)
  3 dart slugs
  25 orcs
  5 endoplasms
  2 giant cockroaches
  7 goblins
  6 hobgoblins
  18 kobolds
  5 quokkas
  7 ball pythons
  2 bats
  3 frilled lizards
  7 rats
416 creatures vanquished.

Vanquished Creatures (others)
  An orc wizard (D:9)
1 creature vanquished.

Grand Total: 417 creatures vanquished

Notes
Turn   | Place    | Note
-------+----------+-------------------------------------------
     0 | D:1      | qw the Gargoyle Hunter began the quest for the Orb.
     0 | D:1      | Reached XP level 1. HP: 12/12 MP: 1/1
     0 | D:1      | 0 ||| qw: Version: 0.3-a-74-g0bc7081
     0 | D:1      | 0 ||| qw: Game counter: 7969
     0 | D:1      | 0 ||| qw: Melee chars always use a shield: true
     0 | D:1      | 0 ||| qw: God list: Okawaru
     0 | D:1      | 0 ||| qw: Allow faded altars: false
     0 | D:1      | 0 ||| qw: Do Orc after clearing Dungeon:15 true
     0 | D:1      | 0 ||| qw: Do second Lair branch before Depths: true
     0 | D:1      | 0 ||| qw: Lair rune preference: random
     0 | D:1      | 0 ||| qw: Goals: Normal
     0 | D:1      | 0 ||| PLANNING D:1-11
   294 | D:1      | Reached XP level 2. HP: 17/17 MP: 2/2
   717 | D:1      | 717 ||| UPGRADING to +0 ring mail.
   727 | D:1      | 727 ||| DROPPING +0 leather armour.
   728 | D:1      | 728 ||| DROPPING scroll of butterflies.
   844 | D:2      | Found a snail-covered altar of Cheibriados.
   870 | D:2      | Reached skill level 1 in Armour
  1016 | D:2      | Reached XP level 3. HP: 18/21 MP: 3/3
  1048 | D:2      | Reached skill level 5 in Ranged Weapons
  1050 | D:2      | HP: 5/21 [frozen (3)]
  1481 | D:2      | 1481 ||| UPGRADING to +0 helmet.
  1486 | D:2      | 1486 ||| UPGRADING to ring of protection from fire.
  1487 | D:2      | 1487 ||| READING scroll labelled UMADUFIDWAKH.
  1488 | D:2      | 1488 ||| READING scroll labelled FYKODA WEUWIN.
  1492 | D:2      | 1492 ||| READING scroll labelled ASU GIYKHLESE.
  1539 | D:3      | Reached skill level 3 in Fighting
  1539 | D:3      | Reached XP level 4. HP: 28/28 MP: 4/4
  1853 | D:3      | Noticed Jessica
  1865 | D:3      | Killed Jessica
  1870 | D:3      | Reached XP level 5. HP: 22/32 MP: 5/5
  1916 | D:3      | Identified the +1 robe of Majestic Surprise {rPois Str+2}
  2025 | D:3      | Noticed Grinder
  2029 | D:3      | Paralysed by Grinder for 3 turns
  2032 | D:3      | HP: 8/32 [Grinder (8)]
  2033 | D:3      | 2033 ||| READING scroll of teleportation.
  2035 | D:3      | Paralysed by Grinder for 5 turns
  2040 | D:3      | 2040 ||| FLEEEEING.
  2041 | D:3      | 2041 ||| FLEEEEING.
  2042 | D:3      | 2042 ||| FLEEEEING.
  2043 | D:3      | 2043 ||| FLEEEEING.
  2044 | D:3      | 2044 ||| FLEEEEING.
  2045 | D:3      | 2045 ||| FLEEEEING.
  2046 | D:3      | 2046 ||| FLEEEEING.
  2047 | D:3      | 2047 ||| FLEEEEING.
  2048 | D:3      | 2048 ||| FLEEEEING.
  2049 | D:3      | 2049 ||| FLEEEEING.
  2050 | D:3      | 2050 ||| FLEEEEING.
  2051 | D:3      | 2051 ||| FLEEEEING.
  2052 | D:3      | 2052 ||| FLEEEEING.
  2053 | D:3      | 2053 ||| FLEEEEING.
  2054 | D:3      | 2054 ||| FLEEEEING.
  2055 | D:3      | 2055 ||| FLEEEEING.
  2056 | D:3      | 2056 ||| FLEEEEING.
  2057 | D:3      | 2057 ||| FLEEEEING.
  2062 | D:3      | 2062 ||| FLEEEEING.
  2063 | D:3      | 2063 ||| FLEEEEING.
  2066 | D:3      | 2066 ||| FLEEEEING.
  2067 | D:3      | 2067 ||| FLEEEEING.
  2071 | D:3      | 2071 ||| FLEEEEING.
  2072 | D:3      | 2072 ||| FLEEEEING.
  2075 | D:3      | 2075 ||| FLEEEEING.
  2076 | D:3      | 2076 ||| FLEEEEING.
  2077 | D:3      | 2077 ||| FLEEEEING.
  2223 | D:3      | Paralysed by Grinder for 5 turns
  2233 | D:3      | 2233 ||| FLEEEEING.
  2233 | D:3      | Paralysed by Grinder for 3 turns
  2236 | D:3      | 2236 ||| FLEEEEING.
  2237 | D:3      | 2237 ||| FLEEEEING.
  2238 | D:3      | 2238 ||| FLEEEEING.
  2239 | D:3      | 2239 ||| FLEEEEING.
  2240 | D:3      | 2240 ||| FLEEEEING.
  2245 | D:3      | 2245 ||| FLEEEEING.
  2246 | D:3      | 2246 ||| FLEEEEING.
  2247 | D:3      | 2247 ||| FLEEEEING.
  2248 | D:3      | 2248 ||| FLEEEEING.
  2249 | D:3      | 2249 ||| FLEEEEING.
  2250 | D:3      | 2250 ||| FLEEEEING.
  2261 | D:3      | 2261 ||| FLEEEEING.
  2262 | D:3      | 2262 ||| FLEEEEING.
  2313 | D:3      | Paralysed by Grinder for 5 turns
  2319 | D:3      | Paralysed by Grinder for 2 turns
  2332 | D:3      | 2332 ||| FLEEEEING.
  2335 | D:3      | 2335 ||| FLEEEEING.
  2352 | D:3      | Paralysed by Grinder for 4 turns
  2356 | D:3      | Killed Grinder
  2357 | D:3      | Reached skill level 7 in Ranged Weapons
  2357 | D:3      | Reached XP level 6. HP: 31/37 MP: 6/6
  2518 | D:3      | 2518 ||| UPGRADING to +2 robe of willpower.
  2528 | D:3      | 2528 ||| DROPPING +0 ring mail.
  2529 | D:3      | 2529 ||| DROPPING +1 robe of Majestic Surprise {rPois
                  | Str+2}.
  2530 | D:3      | 2530 ||| READING scroll labelled INTIUNAISKU.
  2531 | D:3      | 2531 ||| READING scroll labelled COIL ENKYADD.
  2532 | D:3      | 2532 ||| DRINKING 2 purple potions.
  2555 | D:4      | 2555 ||| STAIRDANCE
  2575 | D:4      | 2575 ||| STAIRDANCE
  2597 | D:4      | 2597 ||| STAIRDANCE
  2607 | D:4      | 2607 ||| STAIRDANCE
  2678 | D:4      | Noticed Ijyb
  2698 | D:4      | HP: 4/38 [Ijyb/bolt of light (12)]
  2699 | D:4      | 2699 ||| DRINKING 2 potions of heal wounds.
  2703 | D:4      | Killed Ijyb
  2704 | D:4      | Reached XP level 7. HP: 34/43 MP: 7/7
  2930 | D:4      | Identified the amulet of Xiavaum {Reflect rN+ SH+5}
  3040 | D:4      | Found a sacrificial altar of Ru.
  3130 | D:4      | 3130 ||| UPGRADING to amulet of reflection.
  3135 | D:4      | 3135 ||| UPGRADING to amulet of Xiavaum {Reflect rN+ SH+5}.
  3145 | D:4      | 3145 ||| DROPPING amulet of reflection.
  3146 | D:4      | 3146 ||| DRINKING 2 murky inky potions.
  3147 | D:4      | 3147 ||| DRINKING 2 coppery potions.
  3179 | D:5      | Entered Level 5 of the Dungeon
  3180 | D:5      | 3180 ||| RETREATING.
  3182 | D:5      | 3182 ||| Stepping ~*~*~tactically~*~*~ (retreating).
  3183 | D:5      | 3183 ||| Stepping ~*~*~tactically~*~*~ (retreating).
  3251 | D:5      | 3251 ||| READING 2 scrolls of identify.
  3251 | D:5      | 3251 ||| IDENTIFYING lumpy grey potion
  3252 | D:5      | 3252 ||| DROPPING potion of attraction.
  3589 | D:5      | 3589 ||| PLANNING D:1-11
  3616 | D:5      | Found Jacypoim's Jewellery Shop.
  3621 | D:5      | 3621 ||| SHOPLISTING +4 ring of protection (396 gold, have
                  | 253).
  3621 | D:5      | 3621 ||| SHOPLISTING ring of protection from cold (275
                  | gold, have 253).
  3621 | D:5      | 3621 ||| BUYING ring of see invisible (165 gold).
  3621 | D:5      | Bought a ring of see invisible for 165 gold pieces
  3641 | D:5      | Reached skill level 8 in Ranged Weapons
  3710 | D:5      | HP: 11/44 [gnoll/+0 flail (2)]
  3711 | D:5      | 3711 ||| READING 2 scrolls of teleportation.
  3712 | D:5      | Entered wizard mode.
  3814 | D:5      | Upgraded the game from 0.31-a0-627-gd65175cf8b to
                  | 0.31-a0-633-g82435fa1af
  3814 | D:5      | 3814 ||| PLANNING D:1-11
  4025 | D:5      | Reached XP level 8. HP: 49/49 MP: 8/8
  4143 | D:5      | 4143 ||| UPGRADING to ring of see invisible.
  4144 | D:5      | 4144 ||| READING scroll labelled WIVVEKL ASIE.
  4145 | D:5      | 4145 ||| READING scroll labelled CEVYSU CUENU.
  4378 | D:6      | Found a staircase to the Ecumenical Temple.
  4379 | D:6      | 4379 ||| PLANNING TEMPLE
  4379 | D:6      | 4379 ||| DRINKING 2 white potions.
  4379 | D:6      | Gained mutation: You have large cloven feet. [potion of
                  | mutation]
  4379 | D:6      | Gained mutation: You have a pair of small horns on your
                  | head. [potion of mutation]
  4380 | D:6      | 4380 ||| DROPPING +0 helmet.
  4386 | Temple   | Entered the Ecumenical Temple
  4387 | Temple   | 4387 ||| PLANNING OKAWARU WORSHIP
  4390 | Temple   | Became a worshipper of Warmaster Okawaru
  4391 | Temple   | 4391 ||| PLANNING D:1-11
  4442 | D:6      | Reached skill level 9 in Ranged Weapons
  4442 | D:6      | 4442 ||| FLEEEEING.
  4443 | D:6      | 4443 ||| FLEEEEING.
  4444 | D:6      | 4444 ||| FLEEEEING.
  4445 | D:6      | 4445 ||| FLEEEEING.
  4446 | D:6      | 4446 ||| FLEEEEING.
  4447 | D:6      | 4447 ||| FLEEEEING.
  4454 | D:6      | 4454 ||| STAIRDANCE
  4536 | D:6      | Found a sparkling altar of Nemelex Xobeh.
  4567 | D:6      | Found a broken altar of Ashenzari.
  4893 | D:6      | 4893 ||| PLANNING D:1-11
  4893 | D:6      | 4893 ||| PLANNING D:1-11
  4894 | D:6      | 4894 ||| PLANNING D:1-11
  4894 | D:6      | 4894 ||| PLANNING D:1-11
  4894 | D:6      | 4894 ||| PLANNING D:1-11
  4895 | D:6      | 4895 ||| PLANNING D:1-11
  4895 | D:6      | 4895 ||| PLANNING D:1-11
  4895 | D:6      | Upgraded the game from 0.31-a0-633-g82435fa1af to
                  | 0.31-a0-636-ge1c0e020e0
  4895 | D:6      | 4895 ||| PLANNING D:1-11
  4895 | D:6      | 4895 ||| PLANNING D:1-11
  4895 | D:6      | 4895 ||| PLANNING D:1-11
  4895 | D:6      | 4895 ||| PLANNING D:1-11
  4895 | D:6      | 4895 ||| PLANNING D:1-11
  4895 | D:6      | 4895 ||| PLANNING D:1-11
  4895 | D:6      | 4895 ||| PLANNING D:1-11
  4895 | D:6      | 4895 ||| PLANNING D:1-11
  4895 | D:6      | 4895 ||| PLANNING D:1-11
  4895 | D:6      | 4895 ||| PLANNING D:1-11
  4895 | D:6      | Upgraded the game from 0.31-a0-636-ge1c0e020e0 to
                  | 0.31-a0-638-g26219f789d
  4895 | D:6      | 4895 ||| PLANNING D:1-11
  4895 | D:6      | 4895 ||| PLANNING D:1-11
  4895 | D:6      | 4895 ||| PLANNING D:1-11
  4895 | D:6      | 4895 ||| PLANNING D:1-11
  4895 | D:6      | 4895 ||| PLANNING D:1-11
  4895 | D:6      | 4895 ||| PLANNING D:1-11
  4895 | D:6      | 4895 ||| PLANNING D:1-11
  4895 | D:6      | 4895 ||| FLEEEEING.
  4942 | D:6      | Reached skill level 6 in Fighting
  5360 | D:6      | 5360 ||| SWAPPING to +2 orcbow of freezing.
  5361 | D:6      | 5361 ||| DROPPING +0 shortbow.
  5778 | D:6      | 5778 ||| READING scroll labelled CUCLU FAGUZEG.
  5799 | D:7      | Reached skill level 10 in Ranged Weapons
  5831 | D:7      | Reached * piety under Okawaru
  5832 | D:7      | Reached skill level 3 in Dodging
  5832 | D:7      | Reached XP level 9. HP: 55/55 MP: 9/9
  5864 | D:7      | 5864 ||| INVOKING Heroism.
  5873 | D:7      | Reached skill level 1 in Invocations
  5881 | D:7      | 5881 ||| INVOKING Heroism.
  6042 | D:7      | Noticed a gargoyle
  6043 | D:7      | 6043 ||| READING scroll labelled EXTY ROVEIRE.
  6051 | D:7      | 6051 ||| INVOKING Heroism.
  6053 | D:7      | HP: 10/56 [gargoyle/stone arrow (18)]
  6054 | D:7      | 6054 ||| READING 2 scrolls of teleportation.
  6055 | D:7      | 6055 ||| DRINKING potion of heal wounds.
  6136 | D:7      | Noticed Menkaure
  6140 | D:7      | 6140 ||| FLEEEEING.
  6141 | D:7      | 6141 ||| FLEEEEING.
  6142 | D:7      | 6142 ||| FLEEEEING.
  6143 | D:7      | 6143 ||| FLEEEEING.
  6144 | D:7      | 6144 ||| FLEEEEING.
  6145 | D:7      | 6145 ||| FLEEEEING.
  6146 | D:7      | Killed Menkaure
  6262 | D:7      | 6262 ||| INVOKING Heroism.
  6348 | D:7      | Noticed a two-headed ogre
  6349 | D:7      | 6349 ||| INVOKING Heroism.
  6357 | D:7      | Killed a two-headed ogre
  6358 | D:7      | Reached skill level 11 in Ranged Weapons
  6434 | D:7      | Noticed a deep elf pyromancer
  6473 | D:7      | Killed a deep elf pyromancer
  6474 | D:7      | Reached XP level 10. HP: 64/65 MP: 13/13
  6604 | D:7      | Killed a gargoyle
  6650 | D:7      | 6650 ||| READING 2 scrolls of identify.
  6650 | D:7      | 6650 ||| IDENTIFYING murky sapphire potion
  6660 | D:8      | 6660 ||| INVOKING Heroism.
  6705 | D:8      | 6705 ||| FLEEEEING.
  6707 | D:8      | 6707 ||| STAIRDANCE
  6758 | D:8      | Reached ** piety under Okawaru
  6763 | D:8      | Reached skill level 12 in Ranged Weapons
  6769 | D:8      | 6769 ||| INVOKING Heroism.
  6810 | D:8      | 6810 ||| INVOKING Heroism.
  6814 | D:8      | 6814 ||| FLEEEEING.
  6944 | D:8      | Noticed Pikel
  6955 | D:8      | 6955 ||| INVOKING Heroism.
  6956 | D:8      | Killed Pikel
  7140 | D:8      | 7140 ||| Stepping ~*~*~tactically~*~*~ (outnumbered).
  7150 | D:8      | 7150 ||| Stepping ~*~*~tactically~*~*~ (outnumbered).
  7265 | D:8      | 7265 ||| INVOKING Heroism.
  7268 | D:8      | 7268 ||| PLANNING D:1-11
  7397 | D:8      | Noticed a two-headed ogre
  7398 | D:8      | 7398 ||| INVOKING Heroism.
  7403 | D:8      | Killed a two-headed ogre
  7404 | D:8      | Reached skill level 13 in Ranged Weapons
  7464 | D:8      | Identified the +6 long sword "Vuefian" {freeze, rC+}
  7766 | D:8      | 7766 ||| READING scroll labelled XERAZO SEOGHOMM.
  7767 | D:8      | 7767 ||| READING 3 scrolls of identify.
  7767 | D:8      | 7767 ||| IDENTIFYING smoky silvery potion
  7768 | D:8      | 7768 ||| READING 2 scrolls of identify.
  7768 | D:8      | 7768 ||| IDENTIFYING bubbling amethyst potion
  7769 | D:8      | 7769 ||| DROPPING potion of degeneration.
  7770 | D:8      | 7770 ||| DROPPING potion of ambrosia.
  7789 | D:9      | Noticed Erica
  7790 | D:9      | 7790 ||| STAIRDANCE
  7794 | D:8      | 7794 ||| INVOKING Heroism.
  7884 | D:9      | 7884 ||| STAIRDANCE
  7886 | D:8      | 7886 ||| PLANNING D:1-11
  8016 | D:9      | 8016 ||| STAIRDANCE
  8027 | D:8      | 8027 ||| INVOKING Heroism.
  8036 | D:8      | Reached skill level 9 in Fighting
  8120 | D:9      | 8120 ||| STAIRDANCE
  8122 | D:8      | 8122 ||| INVOKING Heroism.
  8217 | D:9      | 8217 ||| STAIRDANCE
  8217 | D:9      | Noticed Jeremiah
  8224 | D:9      | 8224 ||| INVOKING Heroism.
  8230 | D:9      | 8230 ||| STAIRDANCE
  8233 | D:8      | Reached XP level 11. HP: 68/71 MP: 12/14
  8249 | D:9      | 8249 ||| INVOKING Heroism.
  8250 | D:9      | 8250 ||| STAIRDANCE
  8261 | D:8      | Killed Erica
  8311 | D:9      | 8311 ||| STAIRDANCE
  8387 | D:9      | Killed Jeremiah
  8570 | D:9      | Reached skill level 14 in Ranged Weapons
  8570 | D:9      | Reached *** piety under Okawaru
  8587 | D:9      | 8587 ||| RETREATING.
  8703 | D:9      | Noticed a two-headed ogre
  8704 | D:9      | 8704 ||| INVOKING Heroism.
  8712 | D:9      | Killed a two-headed ogre
  8787 | D:9      | Reached **** piety under Okawaru
  8846 | D:9      | 8846 ||| INVOKING Heroism.
  8885 | D:9      | Noticed a two-headed ogre
  8922 | D:9      | 8922 ||| INVOKING Heroism.
  8932 | D:9      | Killed a two-headed ogre
  8945 | D:9      | 8945 ||| READING scroll labelled DEWNIUVV GIFAE.
  8946 | D:9      | 8946 ||| READING 2 scrolls of identify.
  8946 | D:9      | 8946 ||| IDENTIFYING glowing brown potion
  8947 | D:9      | 8947 ||| DROPPING potion of lignification.
  8961 | D:10     | Entered Level 10 of the Dungeon
  9074 | D:10     | 9074 ||| INVOKING Heroism.
  9279 | D:10     | Found a glowing golden altar of the Shining One.
  9418 | D:10     | 9418 ||| Stepping ~*~*~tactically~*~*~ (outnumbered).
  9423 | D:10     | 9423 ||| Stepping ~*~*~tactically~*~*~ (outnumbered).
  9424 | D:10     | 9424 ||| Stepping ~*~*~tactically~*~*~ (outnumbered).
  9425 | D:10     | Identified the +4 hand axe of Regicide {antimagic, rElec
                  | rC+ Int+3}
  9426 | D:10     | 9426 ||| Stepping ~*~*~tactically~*~*~ (outnumbered).
  9435 | D:10     | 9435 ||| INVOKING Heroism.
  9852 | D:10     | Found a shadowy altar of Dithmenos.
  9855 | D:10     | Found a burning altar of Makhleb.
  9858 | D:10     | Found a snail-covered altar of Cheibriados.
  9872 | D:10     | 9872 ||| READING scroll labelled AHOOX FAKEZOA.
 10028 | D:11     | Noticed a manticore
 10029 | D:11     | 10029 ||| INVOKING Heroism.
 10034 | D:11     | Killed a manticore
 10068 | D:11     | Noticed a boulder beetle
 10069 | D:11     | 10069 ||| INVOKING Heroism.
 10120 | D:11     | 10120 ||| RETREATING.
 10122 | D:11     | 10122 ||| Stepping ~*~*~tactically~*~*~ (retreating).
 10123 | D:11     | 10123 ||| Stepping ~*~*~tactically~*~*~ (retreating).
 10124 | D:11     | 10124 ||| Stepping ~*~*~tactically~*~*~ (retreating).
 10125 | D:11     | 10125 ||| Stepping ~*~*~tactically~*~*~ (retreating).
 10126 | D:11     | 10126 ||| Stepping ~*~*~tactically~*~*~ (retreating).
 10127 | D:11     | 10127 ||| Stepping ~*~*~tactically~*~*~ (retreating).
 10133 | D:11     | Received a gift from Okawaru
 10135 | D:11     | 10135 ||| Stepping ~*~*~tactically~*~*~ (retreating).
 10136 | D:11     | 10136 ||| Stepping ~*~*~tactically~*~*~ (retreating).
 10137 | D:11     | 10137 ||| Stepping ~*~*~tactically~*~*~ (retreating).
 10138 | D:11     | 10138 ||| Stepping ~*~*~tactically~*~*~ (retreating).
 10139 | D:11     | 10139 ||| Stepping ~*~*~tactically~*~*~ (retreating).
 10193 | D:11     | 10193 ||| INVOKING Heroism.
 10200 | D:11     | Killed a boulder beetle
 10305 | D:11     | 10305 ||| Traversal map at 0,0 (floor)
 10305 | D:11     | 10305 ||| ............#
 10305 | D:11     | 10305 ||| ...##.###...#
 10305 | D:11     | 10305 ||| ... #...######
 10305 | D:11     | 10305 ||| #........#
 10305 | D:11     | 10305 ||| #........#
 10305 | D:11     | 10305 ||| #........#
 10305 | D:11     | 10305 ||| #........#
 10305 | D:11     | 10305 ||| #........#
 10305 | D:11     | 10305 ||| #........#
 10305 | D:11     | 10305 ||| #........#
 10305 | D:11     | 10305 ||| #........#
 10305 | D:11     | 10305 ||| #........#
 10305 | D:11     | 10305 ||| ##.......#
 10305 | D:11     | 10305 ||| #.......# .
 10305 | D:11     | 10305 ||| #.......# .#
 10305 | D:11     | 10305 ||| . #.......####.#.#
 10305 | D:11     | 10305 ||| .. #..............#
 10305 | D:11     | 10305 ||| ...#######..............#
 10305 | D:11     | 10305 ||| ........................####
 10305 | D:11     | 10305 ||| ............................
 10305 | D:11     | 10305 ||| ..........@...###.......#
 10305 | D:11     | 10305 ||| ..............# ###.....#
 10305 | D:11     | 10305 ||| ..............# ####..#
 10305 | D:11     | 10305 ||| ..............# #..#
 10305 | D:11     | 10305 ||| ############### #..#
 10305 | D:11     | 10305 ||| #..#
 10305 | D:11     | 10305 ||| #..#
 10305 | D:11     | 10305 ||| ####
 10305 | D:11     | 10305 |||
 10305 | D:11     | 10305 |||
 10305 | D:11     | 10305 |||
 10305 | D:11     | 10305 |||
 10305 | D:11     | 10305 |||
 10305 | D:11     | 10305 |||
 10305 | D:11     | 10305 |||
 10305 | D:11     | 10305 |||
 10305 | D:11     | 10305 |||
 10305 | D:11     | 10305 |||
 10305 | D:11     | 10305 |||
 10305 | D:11     | 10305 |||
 10305 | D:11     | 10305 |||
 10305 | D:11     | Upgraded the game from 0.31-a0-638-g26219f789d to
                  | 0.31-a0-640-g39d97e502b
 10305 | D:11     | 10305 ||| PLANNING D:1-11
 10305 | D:11     | 10305 ||| PLANNING D:1-11
 10306 | D:11     | 10306 ||| RETREATING.
 10319 | D:11     | 10319 ||| INVOKING Heroism.
 10322 | D:11     | 10322 ||| PLANNING D:1-11
 10322 | D:11     | Reached skill level 15 in Ranged Weapons
 10323 | D:11     | 10323 ||| RETREATING.
 10327 | D:11     | 10327 ||| FLEEEEING.
 10328 | D:11     | 10328 ||| FLEEEEING.
 10355 | D:11     | 10355 ||| INVOKING Heroism.
 10372 | D:11     | Reached XP level 12. HP: 39/77 MP: 13/15
 10506 | D:11     | 10506 ||| UPGRADING to +2 pair of gloves.
 10525 | D:11     | 10525 ||| INVOKING Heroism.
 10813 | D:11     | Found a staircase to the Lair.
 10841 | D:11     | 10841 ||| qw: Version: 0.3-a-74-g56b0e0c
 10841 | D:11     | 10841 ||| qw: Game counter: 1
 10841 | D:11     | 10841 ||| qw: Melee chars always use a shield: true
 10841 | D:11     | 10841 ||| qw: Do Orc after clearing Dungeon:15 true
 10841 | D:11     | 10841 ||| qw: Do second Lair branch before Depths: true
 10841 | D:11     | 10841 ||| qw: Lair rune preference: random
 10841 | D:11     | 10841 ||| qw: Goals: Normal
 10841 | D:11     | 10841 ||| PLANNING LAIR
 10874 | Lair:1   | Entered Level 1 of the Lair of Beasts
 10881 | Lair:1   | Noticed a death yak
 10882 | Lair:1   | 10882 ||| INVOKING Heroism.
 10882 | Lair:1   | Noticed a death yak
 10885 | Lair:1   | Noticed a death yak
 10893 | Lair:1   | 10893 ||| Stepping ~*~*~tactically~*~*~ (retreating).
 10894 | Lair:1   | 10894 ||| Stepping ~*~*~tactically~*~*~ (retreating).
 10896 | Lair:1   | Noticed a death yak
 10899 | Lair:1   | Noticed a death yak
 10901 | Lair:1   | HP: 9/77 [death yak (14)]
 10902 | Lair:1   | 10902 ||| READING 2 scrolls of teleportation.
 10902 | Lair:1   | Mangled by a death yak (16 damage)
 10905 | Lair:1   | Killed a death yak
 10990 | Lair:1   | 10990 ||| READING scroll of enchant weapon.
 10990 | Lair:1   | 10990 ||| ENCHANTING +3 orcbow of freezing.
 11113 | Lair:1   | 11113 ||| INVOKING Heroism.
 11209 | Lair:1   | 11209 ||| RETREATING.
 11210 | Lair:1   | 11210 ||| INVOKING Heroism.
 11228 | Lair:1   | 11228 ||| Stepping ~*~*~tactically~*~*~ (retreating).
 11229 | Lair:1   | 11229 ||| Stepping ~*~*~tactically~*~*~ (retreating).
 11230 | Lair:1   | 11230 ||| Stepping ~*~*~tactically~*~*~ (retreating).
 11231 | Lair:1   | 11231 ||| Stepping ~*~*~tactically~*~*~ (retreating).
 11234 | Lair:1   | 11234 ||| Stepping ~*~*~tactically~*~*~ (retreating).
 11242 | Lair:1   | Killed a death yak
 11245 | Lair:1   | HP: 17/77 [death yak (10)]
 11246 | Lair:1   | 11246 ||| READING scroll of teleportation.
 11247 | Lair:1   | 11247 ||| DRINKING potion of heal wounds.
 11249 | Lair:1   | 11249 ||| INVOKING Heroism.
 11407 | Lair:1   | Reached skill level 16 in Ranged Weapons
 11593 | Lair:1   | 11593 ||| RETREATING.
 11595 | Lair:1   | 11595 ||| Stepping ~*~*~tactically~*~*~ (retreating).
 11596 | Lair:1   | 11596 ||| Stepping ~*~*~tactically~*~*~ (retreating).
 11597 | Lair:1   | 11597 ||| Stepping ~*~*~tactically~*~*~ (retreating).
 11598 | Lair:1   | 11598 ||| Stepping ~*~*~tactically~*~*~ (retreating).
 11599 | Lair:1   | 11599 ||| Stepping ~*~*~tactically~*~*~ (retreating).
 11600 | Lair:1   | 11600 ||| Stepping ~*~*~tactically~*~*~ (retreating).
 11601 | Lair:1   | 11601 ||| Stepping ~*~*~tactically~*~*~ (retreating).
 11604 | Lair:1   | 11604 ||| INVOKING Heroism.
 11620 | Lair:1   | Killed a death yak
 11628 | Lair:1   | Killed a death yak
 11633 | Lair:1   | Killed a death yak
 11834 | Lair:1   | 11834 ||| READING scroll labelled KEDIAH WIGGUADGH.
 11935 | Lair:1   | 11935 ||| READING 2 scrolls of identify.
 11935 | Lair:1   | 11935 ||| IDENTIFYING pink potion
 11936 | Lair:1   | 11936 ||| DROPPING potion of invisibility.
 11974 | Lair:2   | 11974 ||| Stepping ~*~*~tactically~*~*~ (retreating).
 11985 | Lair:2   | Reached skill level 6 in Invocations
 11989 | Lair:2   | Reached ***** piety under Okawaru
 12131 | Lair:2   | Noticed a five-headed hydra
 12132 | Lair:2   | 12132 ||| RETREATING.
 12133 | Lair:2   | 12133 ||| INVOKING Heroism.
 12135 | Lair:2   | Noticed a death yak
 12135 | Lair:2   | 12135 ||| INVOKING Finesse.
 12141 | Lair:2   | Killed a five-headed hydra
 12142 | Lair:2   | 12142 ||| FLEEEEING.
 12143 | Lair:2   | 12143 ||| RETREATING.
 12145 | Lair:2   | HP: 11/80 [death yak (11)]
 12151 | Lair:2   | Mangled by a death yak (17 damage)
 12152 | Lair:2   | Killed a death yak
 12153 | Lair:2   | Reached skill level 6 in Dodging
 12157 | Lair:2   | Noticed a death yak
 12167 | Lair:2   | Killed a death yak
 12219 | Lair:2   | Identified the +10 flail "Vyufow" {vamp, rF+ rN++ Will-
                  | Str+2}
 12220 | Lair:2   | Identified the +1 leather armour of Gluttony {rC+}
 12239 | Lair:2   | 12239 ||| INVOKING Heroism.
 12261 | Lair:2   | 12261 ||| Stepping ~*~*~tactically~*~*~ (outnumbered).
 12262 | Lair:2   | 12262 ||| RETREATING.
 12263 | Lair:2   | 12263 ||| INVOKING Heroism.
 12273 | Lair:2   | Reached XP level 13. HP: 84/84 MP: 16/18
 12354 | Lair:2   | 12354 ||| INVOKING Heroism.
 12359 | Lair:2   | Reached skill level 12 in Fighting
 12411 | Lair:2   | 12411 ||| INVOKING Heroism.
 12412 | Lair:2   | 12412 ||| INVOKING Finesse.
 12434 | Lair:2   | Reached skill level 9 in Invocations
 12563 | Lair:2   | Found a staircase to the Swamp.
 12606 | Lair:2   | Identified the +10 orcbow "Olola" {heavy, rC+ Str+2 SInv}
 12608 | Lair:2   | 12608 ||| SWAPPING to +10 orcbow "Olola" {heavy, rC+ Str+2
                  | SInv}.
 12609 | Lair:2   | 12609 ||| REMOVING ring of see invisible.
 12610 | Lair:2   | 12610 ||| DROPPING +4 orcbow of freezing.
 12639 | Lair:2   | 12639 ||| RETREATING.
 12788 | Lair:2   | 12788 ||| INVOKING Heroism.
 12822 | Lair:2   | 12822 ||| INVOKING Heroism.
 13072 | Lair:2   | 13072 ||| INVOKING Heroism.
 13146 | Lair:2   | 13146 ||| INVOKING Heroism.
 13427 | Lair:2   | 13427 ||| UPGRADING to ring of protection from cold.
 13428 | Lair:2   | 13428 ||| READING scroll labelled LYRHAIGUIPS.
 13498 | Lair:3   | 13498 ||| INVOKING Heroism.
 13511 | Lair:3   | Identified the +5 scale mail of Tucatur {rC+}
 13535 | Lair:3   | Reached skill level 3 in Armour
 13559 | Lair:3   | 13559 ||| INVOKING Heroism.
 13565 | Lair:3   | Identified the +0 pair of gloves of Kedas {Int+3 Dex+4}
                  | (Okawaru gifted it to you on level 3 of the Lair of Beasts)
 13565 | Lair:3   | Received a gift from Okawaru
 13610 | Lair:3   | Found a hole to the Spider Nest.
 13611 | Lair:3   | 13611 ||| INVOKING Heroism.
 13679 | Lair:3   | 13679 ||| INVOKING Heroism.
 13824 | Lair:3   | 13824 ||| RETREATING.
 13850 | Lair:3   | 13850 ||| RETREATING.
 13858 | Lair:3   | 13858 ||| Stepping ~*~*~tactically~*~*~ (retreating).
 13887 | Lair:3   | Found a runed translucent door.
 13888 | Lair:3   | Found the +7 mace of Variability {chaos, chaos arc}
 13889 | Lair:3   | Noticed qw's ghost (journeyman MiHs)
 13928 | Lair:3   | 13928 ||| RETREATING.
 13929 | Lair:3   | 13929 ||| Stepping ~*~*~tactically~*~*~ (retreating).
 13932 | Lair:3   | 13932 ||| Stepping ~*~*~tactically~*~*~ (retreating).
 13933 | Lair:3   | 13933 ||| Stepping ~*~*~tactically~*~*~ (retreating).
 13934 | Lair:3   | 13934 ||| Stepping ~*~*~tactically~*~*~ (retreating).
 13935 | Lair:3   | 13935 ||| Stepping ~*~*~tactically~*~*~ (retreating).
 13936 | Lair:3   | 13936 ||| Stepping ~*~*~tactically~*~*~ (retreating).
 13937 | Lair:3   | 13937 ||| Stepping ~*~*~tactically~*~*~ (retreating).
 13938 | Lair:3   | 13938 ||| Stepping ~*~*~tactically~*~*~ (retreating).
 14338 | Lair:3   | 14338 ||| UPGRADING to +0 pair of gloves of Kedas {Int+3
                  | Dex+4}.
 14348 | Lair:3   | 14348 ||| DROPPING +2 pair of gloves.
 14349 | Lair:3   | 14349 ||| DROPPING +2 robe of positive energy.
 14350 | Lair:3   | 14350 ||| DROPPING amulet of regeneration.
 14351 | Lair:3   | 14351 ||| UPGRADING to ring of willpower.
 14396 | Lair:4   | Gained mutation: Your large and strong wings let you fly.
                  | [Gargoyle growth]
 14396 | Lair:4   | Reached XP level 14. HP: 96/96 MP: 21/21
 14473 | Lair:4   | 14473 ||| INVOKING Heroism.
 14531 | Lair:4   | 14531 ||| INVOKING Heroism.
 14637 | Lair:4   | Found a sacrificial altar of Ru.
 14641 | Lair:4   | 14641 ||| INVOKING Heroism.
 14817 | Lair:4   | 14817 ||| INVOKING Heroism.
 15154 | Lair:4   | 15154 ||| UPGRADING to amulet of faith.
 15164 | Lair:4   | 15164 ||| READING scroll labelled RAN LYBIVVESURAS.
 15203 | Lair:5   | Entered Level 5 of the Lair of Beasts
 15260 | Lair:5   | 15260 ||| INVOKING Heroism.
 15286 | Lair:5   | 15286 ||| RETREATING.
 15296 | Lair:5   | 15296 ||| Stepping ~*~*~tactically~*~*~ (retreating).
 15301 | Lair:5   | 15301 ||| Stepping ~*~*~tactically~*~*~ (retreating).
 15302 | Lair:5   | 15302 ||| Stepping ~*~*~tactically~*~*~ (retreating).
 15308 | Lair:5   | Reached skill level 9 in Dodging
 15319 | Lair:5   | 15319 ||| INVOKING Heroism.
 15449 | Lair:5   | 15449 ||| INVOKING Heroism.
 15457 | Lair:5   | 15457 ||| RETREATING.
 15475 | Lair:5   | 15475 ||| Stepping ~*~*~tactically~*~*~ (retreating).
 15477 | Lair:5   | 15477 ||| INVOKING Finesse.
 15491 | Lair:5   | Reached skill level 15 in Fighting
 15754 | Lair:5   | Noticed Kirke
 15755 | Lair:5   | 15755 ||| INVOKING Heroism.
 15761 | Lair:5   | Killed Kirke
 15780 | Lair:5   | Found a viscous altar of Jiyva.
 15798 | Lair:5   | Found a staircase to the Slime Pits.
 15987 | Lair:5   | Found a blossoming altar of Fedhas.
 16010 | Lair:5   | 16010 ||| INVOKING Heroism.
 16098 | Lair:5   | 16098 ||| INVOKING Heroism.
 16167 | Lair:5   | 16167 ||| INVOKING Heroism.
 16205 | Lair:5   | 16205 ||| FLEEEEING.
 16206 | Lair:5   | 16206 ||| FLEEEEING.
 16207 | Lair:5   | 16207 ||| FLEEEEING.
 16208 | Lair:5   | 16208 ||| FLEEEEING.
 16209 | Lair:5   | 16209 ||| FLEEEEING.
 16210 | Lair:5   | 16210 ||| FLEEEEING.
 16211 | Lair:5   | 16211 ||| FLEEEEING.
 16212 | Lair:5   | 16212 ||| FLEEEEING.
 16213 | Lair:5   | 16213 ||| FLEEEEING.
 16214 | Lair:5   | 16214 ||| FLEEEEING.
 16400 | Lair:5   | 16400 ||| INVOKING Heroism.
 16493 | Lair:5   | Found a burning altar of Makhleb.
 16494 | Lair:5   | 16494 ||| Stepping ~*~*~tactically~*~*~ (outnumbered).
 16496 | Lair:5   | 16496 ||| Stepping ~*~*~tactically~*~*~ (retreating).
 16497 | Lair:5   | 16497 ||| Stepping ~*~*~tactically~*~*~ (retreating).
 16522 | Lair:5   | 16522 ||| Stepping ~*~*~tactically~*~*~ (retreating).
 16523 | Lair:5   | 16523 ||| Stepping ~*~*~tactically~*~*~ (retreating).
 16524 | Lair:5   | 16524 ||| Stepping ~*~*~tactically~*~*~ (retreating).
 16525 | Lair:5   | 16525 ||| PLANNING LAIR
 16525 | Lair:5   | Quit the game

Levels and vault maps discovered: [+gen,+vis] D:1: dpeg_arrival_signposts, layout_basic [+gen,+vis] D:2: layout_loops_ring, basic_altar [+gen,+vis] D:3: layout_basic, minmay_pentomino_pile, uniq_jessica, uniq_grinder [+gen,+vis] D:4: layout_cave_pools, mainiacjoe_overflow_alcove_1, uniq_ijyb [+gen,+vis] D:5: layout_loops_corners, serial_shops, nicolae_shop_tiny_statue_garden, nicolae_fountain_basement [+gen,+vis] D:6: layout_basic, mainiacjoe_overflow_two_lobes [+gen,+vis] D:7: layout_basic, kb_rosetta, uniq_menkaure [+gen,+vis] D:8: layout_gridville, minmay_misc_feat_pillars, uniq_pikel [+gen,+vis] D:9: layout_rooms, kennysheep_small_circle, uniq_erica, uniq_jeremiah [+gen,+vis] D:10: layout_roguey, mainiacjoe_overflow_small_starburst, nicolae_overflow_hidden_temple, serial_co_window_serial, co_window_paths_b, co_window_paths_b, co_window_paths_a, co_window_paths_a, co_window_corner_a, co_window_corner_a, co_window_paths_b, co_window_corner_a, co_window_corner_a, co_window_corner_ca, co_window_of_opportunity_c, co_window_unsneaky_path_d, co_window_corner_ca, co_window_of_opportunity_b, co_window_broadway_b, glass_columns_c, glass_columns_b, glass_columns_b [+gen,+vis] D:11: layout_irregular_city, lair_entry_dummy [+gen,-vis] D:12: layout_roguey, zombieorc2_lemuel [+gen,-vis] D:13: layout_long_grid, david_vaults_2, serial_shops, nicolae_shop_rolled_up, grunt_livestock [+gen,-vis] D:14: layout_gridville, chequers_serial_rivers_micro_d [+gen,-vis] D:15: gammafunk_depths_entry_grave, layout_basic, uniq_josephine [+gen,+vis] Temple: hellmonk_temple_two_chambers [+gen,+vis] Lair:1: layout_hall_layers [+gen,+vis] Lair:2: nzn_winding_woodlands_stair_trap [nzn_winding_woodlands_5x15_parted, nzn_winding_woodlands_5x15_river_crossing, nzn_winding_woodlands_5x15_pockets, nzn_winding_woodlands_15x15_thick_spiral, nzn_winding_woodlands_5x15_default, nzn_winding_woodlands_5x15_pool, nzn_winding_woodlands_5x15_twine], layout_regular_city, skrybe_swamp_entry_bodies, dreamdust_gnoll_shepherd [+gen,+vis] Lair:3: layout_chaotic_city, spider_nest_entry_rubble, ebering_ghost_inner_flame, minmay_holes, grunt_megastairs_2 [+gen,+vis] Lair:4: layout_regular_city, basic_altar, grunt_megastairs_5, infiniplex_staircase_pool_2 [+gen,+vis] Lair:5: evil_forest, layout_loops_ring, nicolae_slime_entry_field_trip, tgw_fedhas, uniq_kirke [+gen,-vis] Swamp:1 [+gen,-vis] Swamp:2 [+gen,-vis] Swamp:3 [+gen,-vis] Swamp:4 [+gen,-vis] Shoals:1 [+gen,-vis] Shoals:2 [+gen,-vis] Shoals:3 [+gen,-vis] Shoals:4 [+gen,-vis] Snake:1 [+gen,-vis] Snake:2 [+gen,-vis] Snake:3 [+gen,-vis] Snake:4 [+gen,-vis] Spider:1 [+gen,-vis] Spider:2 [+gen,-vis] Spider:3 [+gen,-vis] Spider:4 [+gen,-vis] Slime:1 [+gen,-vis] Slime:2 [+gen,-vis] Slime:3 [+gen,-vis] Slime:4 [+gen,-vis] Slime:5 [+gen,-vis] Orc:1 [+gen,-vis] Orc:2 [+gen,-vis] Elf:1 [+gen,-vis] Elf:2 [+gen,-vis] Elf:3 [+gen,-vis] Vaults:1 [+gen,-vis] Vaults:2 [+gen,-vis] Vaults:3 [+gen,-vis] Vaults:4 [+gen,-vis] Vaults:5 [+gen,-vis] Crypt:1 [+gen,-vis] Crypt:2 [+gen,-vis] Crypt:3 [+gen,-vis] Tomb:1 [+gen,-vis] Tomb:2 [+gen,-vis] Tomb:3 [+gen,-vis] Depths:1 [+gen,-vis] Depths:2 [+gen,-vis] Depths:3 [+gen,-vis] Depths:4 [+gen,-vis] Hell [+gen,-vis] Dis:1 [+gen,-vis] Dis:2 [+gen,-vis] Dis:3 [+gen,-vis] Dis:4 [+gen,-vis] Dis:5 [+gen,-vis] Dis:6 [+gen,-vis] Dis:7 [+gen,-vis] Geh:1 [+gen,-vis] Geh:2 [+gen,-vis] Geh:3 [+gen,-vis] Geh:4 [+gen,-vis] Geh:5 [+gen,-vis] Geh:6 [+gen,-vis] Geh:7 [+gen,-vis] Coc:1 [+gen,-vis] Coc:2 [+gen,-vis] Coc:3 [+gen,-vis] Coc:4 [+gen,-vis] Coc:5 [+gen,-vis] Coc:6 [+gen,-vis] Coc:7 [+gen,-vis] Tar:1 [+gen,-vis] Tar:2 [+gen,-vis] Tar:3 [+gen,-vis] Tar:4 [+gen,-vis] Tar:5 [+gen,-vis] Tar:6 [+gen,-vis] Tar:7 [+gen,-vis] Zot:1 [+gen,-vis] Zot:2 [+gen,-vis] Zot:3 [+gen,-vis] Zot:4 [+gen,-vis] Zot:5 [+gen,-vis] Abyss:1 [+gen,-vis] Abyss:2 [+gen,-vis] Abyss:3 [+gen,-vis] Abyss:4 [+gen,-vis] Abyss:5 [+gen,-vis] Abyss:6 [+gen,-vis] Abyss:7 [+gen,-vis] Pan [+gen,-vis] Zig:1 [+gen,-vis] Zig:2 [+gen,-vis] Zig:3 [+gen,-vis] Zig:4 [+gen,-vis] Zig:5 [+gen,-vis] Zig:6 [+gen,-vis] Zig:7 [+gen,-vis] Zig:8 [+gen,-vis] Zig:9 [+gen,-vis] Zig:10 [+gen,-vis] Zig:11 [+gen,-vis] Zig:12 [+gen,-vis] Zig:13 [+gen,-vis] Zig:14 [+gen,-vis] Zig:15 [+gen,-vis] Zig:16 [+gen,-vis] Zig:17 [+gen,-vis] Zig:18 [+gen,-vis] Zig:19 [+gen,-vis] Zig:20 [+gen,-vis] Zig:21 [+gen,-vis] Zig:22 [+gen,-vis] Zig:23 [+gen,-vis] Zig:24 [+gen,-vis] Zig:25 [+gen,-vis] Zig:26 [+gen,-vis] Zig:27 [+gen,-vis] Bazaar [+gen,-vis] Trove [+gen,-vis] Sewer [+gen,-vis] Ossuary [+gen,-vis] Bailey [+gen,-vis] IceCv [+gen,-vis] Volcano [+gen,-vis] WizLab [+gen,-vis] Desolation [+gen,-vis] Gauntlet [+gen,-vis] Arena

Skill      XL: |  1  2  3  4  5  6  7  8  9 10 11 12 13 14 |
---------------+-------------------------------------------+-----
Armour         | 1 2 3 |  3.0
Ranged Weapons | 5 7 8 10 11 13 15 16 | 16.0
Fighting       | 3 4 5 6 8 9 10 11 14 15 | 15.6
Dodging        | 2 3 4 5 6 7 10 | 10.0
Invocations    | 4 7 10 | 10.0
Stealth        | |  1.1

Action                     |  1- 3 |  4- 6 |  7- 9 | 10-12 | 13-15 || total
---------------------------+-------+-------+-------+-------+-------++-------
   Fire: Shortbow          |   122 |   184 |   224 |       |       ||   530
         Orcbow            |       |       |   108 |   626 |   478 ||  1212
 Invoke: Heroism           |       |       |     5 |    30 |    22 ||    57
         Finesse           |       |       |       |     1 |     2 ||     3
    Use: Scroll            |     3 |     3 |     8 |    12 |     2 ||    28
         Potion            |       |     2 |     4 |     1 |       ||     7
 Armour: Leather armour    |     3 |       |       |       |       ||     3
         Ring mail         |    33 |    13 |       |       |       ||    46
         Robe              |       |    23 |    47 |    99 |    56 ||   225
  Dodge: Dodged            |    42 |    65 |    90 |   235 |   163 ||   595
  Block: Other             |       |       |    40 |    75 |    19 ||   134
         Reflection        |       |       |     2 |     1 |       ||     3

Table legend:
 A = Non-vault XP
 B = Vault XP
 C = Vault XP percentage of total XP
 D = Non-vault monster count
 E = Vault monster count
 F = Vault count percentage of total count
                 A         B        C        D         E       F
            +---------+---------+-------+---------+---------+-------
      Total |   52250 |   29865 |  36.4 |     325 |      90 |  21.7
            +---------+---------+-------+---------+---------+-------
        D:1 |      18 |       0 |   0.0 |      12 |       0 |   0.0
        D:2 |      63 |       0 |   0.0 |      17 |       0 |   0.0
        D:3 |     136 |     319 |  70.1 |      18 |       7 |  28.0
        D:4 |     103 |      36 |  25.9 |      10 |       1 |   9.1
        D:5 |     358 |     167 |  31.8 |      17 |       6 |  26.1
        D:6 |     968 |       0 |   0.0 |      20 |       0 |   0.0
        D:7 |     789 |    2201 |  73.6 |      15 |       5 |  25.0
        D:8 |    3508 |    1479 |  29.7 |      45 |       2 |   4.3
        D:9 |    2601 |    1574 |  37.7 |      18 |       4 |  18.2
       D:10 |     682 |       0 |   0.0 |      14 |       0 |   0.0
       D:11 |    3683 |       0 |   0.0 |      16 |       0 |   0.0
     Lair:1 |    6848 |       0 |   0.0 |      21 |       0 |   0.0
     Lair:2 |    9932 |   10599 |  51.6 |      32 |      29 |  47.5
     Lair:3 |    6336 |    1394 |  18.0 |      30 |       5 |  14.3
     Lair:4 |    4170 |     988 |  19.2 |      11 |       2 |  15.4
     Lair:5 |   12055 |   11108 |  48.0 |      29 |      29 |  50.0
            +---------+---------+-------+---------+---------+-------
